cohdb
Replays
Latest Replays
All Replays
Popular Replays
Top Player Replays
Match Explorer
How It Works
Community
CoH3 Stats
Reddit
Sign in to upload your games and track your stats! →
Sign in with Steam
Match 40923488
Unlisted
Match 40923488
Overview
Messages
Build Orders
End
Construct Infanterie Kompanie
Kettenkrad Recon Vehicle
Selects Mechanized Battlegroup
MG 42 Machine Gun Team
Grenadier Squad
Grenadier Squad
Pioneer Squad
Construct Luftwaffe Kompanie
Jäger Squad
Selects Raid Package
Flak 30 Anti-aircraft Gun Team
Jäger Squad
221 Scout Car
Selects StuG Assault Group
Selects UNKNOWN (2160084)
Construct Panzer Kompanie
Selects Mobile Repair Stations
Panther Heavy Tank
Stoßtruppen Squad
Selects Wespe Self-propelled Artillery
Jäger Squad
Pioneer Squad
VVarMachine
BÖRK
[82AD] ulT1Mate
ChoppingTactics
カルト_くん
Arnie
Devos
Kitty
0
0
Comments
sign in to comment!
No comments posted yet!